Map: Traitor's Exile

Players

Пися

  • Race: Zerg Zerg
  • Spawn Location: 6:00

WhyNot

  • Race: Terran Terran
  • Spawn Location: 5:00

PureLegacy - Winner!

  • Race: Terran Terran
  • Spawn Location: 9:00

ADOIFHlTLER - Winner!

  • Race: Terran Terran
  • League: Master
  • Spawn Location: 12:00

VOD

Have the link to the VOD?

Description

Time

  • Played on: Nov. 22, 2018, 9:42 a.m.
  • Length: 4:56
Show
View Real Time Build Order
Export as new Build Order

Пися Zerg 

Build Orders: Pool Only, Ravager All-In 

Get SALT Encoding   

  12  0:02  Drone  
  13  0:15  Overlord  
  13  0:18  Drone  
  14  0:27  Extractor  
  14  0:28  Drone  
  14  0:35  Drone  
  16  0:40  Drone  
  17  0:52  Drone  
  17  0:55  Spawning Pool  
  17  1:02  Drone  
  18  1:06  Extractor  
  17  1:15  Drone  
  17  1:18  Extractor  
  17  1:33  Drone  
  17  1:35  Drone  
  19  1:43  Queen  
  21  1:47  Zergling x2  
  22  1:58  Roach Warren  
  21  2:04  Overlord  
  21  2:12  Overlord  
  21  2:16  Drone  
  22  2:42  Roach x2  
  26  2:57  Roach x3  
  31  3:01  Roach  
  33  3:08  Drone, Spine Crawler  
  33  3:11  Ravager x2  
  35  3:20  Roach  
  35  3:25  Ravager  
  38  3:28  Overlord  
  38  3:38  Overlord  
  38  3:51  Ravager x3  
  38  3:54  Roach x2  
  45  3:59  Roach  
  47  4:09  Roach  
  29  4:25  Roach x3  
  35  4:36  Spore Crawler  
  30  4:39  Spore Crawler  
Show
View Real Time Build Order
Export as new Build Order

WhyNot Terran 

Build Orders:  

Get SALT Encoding   

  12  0:01  SCV  
  13  0:13  SCV  
  14  0:22  Supply Depot  
  14  0:25  SCV  
  15  0:43  SCV  
  15  0:48  Barracks  
  16  0:51  Refinery  
  16  0:55  Refinery, SCV  
  17  1:10  Barracks  
  18  1:11  SCV  
  18  1:23  SCV  
  19  1:37  Barracks Tech Lab  
  19  1:41  Orbital Command  
  19  1:53  Supply Depot  
  19  2:00  Marauder  
  21  2:04  Marine  
  21  2:07  Concussive Shells  
  22  2:21  Marauder  
  22  2:22  Marine  
  25  2:26  SCV  
  26  2:31  Supply Depot  
  26  2:41  Marine  
  26  2:42  Marauder  
  26  2:43  SCV  
  30  2:55  Supply Depot, SCV  
  31  3:04  Marauder  
  33  3:11  Marine  
  33  3:18  Factory  
  33  3:24  SCV  
  33  3:25  Marauder  
  36  3:39  Marine  
  37  3:44  SCV  
  37  3:47  Supply Depot, Marauder  
  40  3:58  SCV  
  40  4:01  Marine  
  42  4:05  Supply Depot  
  42  4:08  Marauder  
  42  4:09  Factory Tech Lab  
  43  4:12  Supply Depot  
  41  4:19  Marine  
  36  4:30  Engineering Bay  
  39  4:52  Supply Depot  
Show
View Real Time Build Order
Export as new Build Order

PureLegacy Terran - Winner!

Build Orders:  

Get SALT Encoding   

  12  0:00  SCV  
  13  0:13  SCV  
  14  0:18  Supply Depot  
  14  0:25  SCV  
  15  0:30  Refinery  
  15  0:39  SCV  
  16  0:46  Barracks  
  16  0:51  SCV  
  17  1:03  Barracks  
  17  1:17  Barracks  
  17  1:24  SCV  
  18  1:33  Reaper  
  19  1:40  Orbital Command  
  19  1:51  Reaper  
  19  1:52  Refinery  
  20  2:01  Supply Depot  
  20  2:04  Reaper  
  20  2:07  Reaper  
  22  2:13  SCV  
  23  2:23  Reaper  
  24  2:36  Reaper  
  25  2:39  Barracks  
  25  2:42  Barracks  
  25  2:43  Reaper  
  26  2:47  SCV  
  27  2:55  Reaper  
  28  3:03  Supply Depot, SCV  
  29  3:09  Reaper  
  29  3:15  Reaper, SCV  
  31  3:27  Reaper  
  31  3:32  Reaper  
  33  3:35  Reaper  
  33  3:37  SCV  
  35  3:48  Reaper  
  35  3:52  Supply Depot  
  35  3:55  Reaper  
  37  4:06  Reaper  
  37  4:07  Command Center  
  38  4:12  Reaper  
  37  4:28  SCV  
  40  4:42  SCV  
  40  4:44  Barracks Tech Lab  
  42  4:46  Supply Depot  
Show
View Real Time Build Order
Export as new Build Order

ADOIFHlTLER Terran - Winner!

Build Orders: 1/1/1, Banshee Rush 

Get SALT Encoding   

  12  0:01  SCV  
  13  0:13  SCV  
  14  0:18  Supply Depot  
  14  0:25  SCV  
  15  0:31  Refinery  
  15  0:40  SCV  
  16  0:47  Barracks  
  16  0:52  SCV  
  17  1:04  Refinery, SCV  
  18  1:19  SCV  
  19  1:36  Factory  
  19  1:41  Orbital Command  
  19  1:43  Barracks Reactor  
  19  1:56  Supply Depot  
  20  2:08  SCV  
  20  2:20  Factory Tech Lab, SCV, Starport  
  20  2:21  Marine  
  20  2:22  Marine  
  23  2:34  SCV  
  24  2:39  Marine  
  24  2:40  Marine  
  26  2:46  Factory Tech Lab  
  26  2:47  Supply Depot, SCV  
  27  2:57  Marine  
  27  2:58  Marine  
  29  3:02  Cloaking Field  
  29  3:08  Banshee  
  32  3:15  Marine  
  32  3:16  Marine  
  32  3:19  Supply Depot  
  34  3:25  Siege Tank  
  37  3:45  Marine x2  
  39  3:51  Banshee  
  42  4:01  Command Center  
  42  4:06  Marine  
  42  4:07  Marine  
  43  4:18  Siege Tank  
  43  4:24  Marine  
  42  4:28  Supply Depot, SCV  
Tags
 
Add a new tag
Caveats
  • Supply blocks, unpowered buildings, or Contaminate may cause inaccurate times.
  • Supply counts are checked every 10 seconds.